 Dungeon Crawl Stone Soup version 0.30-a0-373-gd37427bb62 (webtiles) character file.

Game seed: 16659011475570179605

3124 timneilson the Blocker (level 9, -6/55 HPs)
             Began as a Gargoyle Fighter on Nov 24, 2022.
             Was an Initiate of Gozag.
             Mangled by a hornet (8 damage)
             ... on level 7 of the Dungeon.
             The game lasted 00:14:40 (6961 turns).

timneilson the Blocker (Gargoyle Fighter)           Turns: 6961, Time: 00:14:40

Health: -6/55      AC: 22    Str: 24    XL:     9   Next: 91%
Magic:  9/9        EV:  9    Int:  9    God:    Gozag
Gold:   332        SH:  6    Dex: 15    Spells: 8/8 levels left

rFire   . . .      SeeInvis .    F - +0 scimitar
rCold   . . .      Faith    .    c - +0 buckler
rNeg    + + .      Spirit   .    f - +0 chain mail
rPois   ∞          Reflect  .    m - +0 helmet
rElec   +          Harm     .    x - +1 cloak
rCorr   .          Rampage  .    (no gloves)
Will    .....                    e - +0 pair of boots
Stlth   ..........               (no amulet)
HPRegen 0.29/turn                s - ring of positive energy
MPRegen 0.11/turn                H - +6 ring of dexterity

@: no status effects
A: sickness immunity, AC +6, negative energy resistance 1, electricity
resistance, torment resistance 1, petrification resistance
a: Renounce Religion, Potion Petition, Call Merchant, Bribe Branch


You were on level 7 of the Dungeon.
You worshipped Gozag.
Gozag was aware of your devotion.
You visited 2 branches of the dungeon, and saw 8 of its levels.

You collected 395 gold pieces.
You paid 63 gold pieces to Gozag.

Inventory:

Hand Weapons
 a - a +1 long sword of draining
 g - a +2 broad axe of flaming
 F - a +0 scimitar (weapon)
Armour
 c - a +0 buckler (worn)
 e - a +0 pair of boots (worn)
 f - a +0 chain mail (worn)
 m - a +0 helmet (worn)
 x - a +1 cloak (worn)
 E - a +0 plate armour
Jewellery
 s - a ring of positive energy (left hand)
 C - a ring of fire
 H - a +6 ring of dexterity (right hand)
Wands
 h - a wand of paralysis (13)
 w - a wand of roots (15)
Scrolls
 q - 4 scrolls of teleportation
 t - a scroll of enchant weapon
 y - a scroll of identify
 B - 3 scrolls of enchant armour
 D - a scroll of fear
Potions
 b - 2 potions of mutation
 d - 3 potions of might
 i - a potion of ambrosia
 k - 2 potions of haste
 l - a potion of magic {unknown}
 n - a potion of degeneration {unknown}
 o - 2 potions of lignification
 p - 4 potions of flight {unknown}
 r - 3 potions of attraction
 u - 2 potions of berserk rage {unknown}
 v - a potion of cancellation {unknown}
 z - 2 potions of brilliance
 A - a potion of invisibility {unknown}


   Skills:
 + Level 6.0 Fighting
 * Level 6.3 Long Blades
 * Level 8.2 Armour
 + Level 3.7 Dodging
 * Level 8.2 Shields
 + Level 0.2 Evocations


You had 8 spell levels left.
You didn't know any spells.
Your spell library contained the following spells:

 Spells                   Type           Power      Damage    Failure   Level
 Slow                     Hex            0%         N/A       96%         1
 Confusing Touch          Hex            0%         N/A       100%        3
 Ignite Poison            Fire/Tmut/Pois 0%         N/A       100%        3
 Kindle Blastsparks       Fire/Tloc/Air  0%         2d10      100%        3
 Vampiric Draining        Necr           0%         2d6       100%        3
 Freezing Cloud           Conj/Ice/Air   0%         6-21      100%        5


Dungeon Overview and Level Annotations

Branches:
Dungeon (7/15)             Temple (1/1) D:6

Altars:
Ashenzari
Cheibriados
Dithmenos
Elyvilon
Fedhas
Gozag
Hepliaklqana
Kikubaaqudgha
Makhleb
Nemelex Xobeh
Okawaru
Qazlal
Ru
Sif Muna
Trog
Uskayaw
Vehumet
Wu Jian
Xom
Yredelemnul
Zin
The Shining One

Shops:
D:4 [


Innate Abilities, Weirdness & Mutations

You are immune to sickness and miasma.
Your stone body is resilient. (AC +6)
You are immune to poison.
You resist negative energy. (rN+)
You are resistant to electric shocks. (rElec)
You are resistant to unholy torment.
You are immune to petrification.


Message History

The hornet stings you but does no damage.
The orc barely misses you.
You closely miss the hornet.
The hornet is heavily wounded.
The hornet stings you but does no damage.
The orc hits you from afar with a +4 trident.
* * * LOW HITPOINT WARNING * * *
The hornet barely misses you.
You closely miss the hornet.
The hornet is moderately wounded.
The hornet closely misses you. You block the orc's attack.
The hornet stings you.
* * * LOW HITPOINT WARNING * * *
You barely miss the hornet.
The hornet is moderately wounded.
You block the orc's attack. You block the hornet's attack.
You barely miss the hornet.
The hornet is moderately wounded.
The hornet stings you but does no damage.
You block the orc's attack. You block the hornet's attack.
The orc closely misses you.
You closely miss the hornet.
The hornet is moderately wounded.
The hornet stings you!
* * * LOW HITPOINT WARNING * * *
You block the hornet's attack. The orc hits you but does no damage.
The hornet attacks as you move away! The hornet barely misses you.
The hornet attacks as you move away!
The hornet stings you but does no damage.
The hornet closely misses you. The hornet barely misses you.
The hornet attacks as you move away!
The hornet stings you but does no damage.
You block the hornet's attack. The hornet attacks as you move away!
You block the hornet's attack. The hornet stings you.
* * * LOW HITPOINT WARNING * * *
The hornet attacks as you move away! The hornet stings you!
You die...
Your body crumbles into a pile of gold.

##...######.. #............ ..#
#....$# ..# .. ..# ### #...#$##
#.# ##.# #.# ..# #... #.## #.#
#.. ##.##..# .... ##..#####.#
#.###......# ##..##.........##
##.........#
#.....####...oo.####..........#
#.....# ##..###y@.##..........#
....#.###..####......[.......##
#..#..##.## #.......######..##
##....#..# ##.......## ##..###
#........###.........# ##.##.
#.........##....#....# ##....
#.....###......##.....# ##.....
#...### #.....##.......#
#..##.. ##.##
##...[...>.....##.......


You could see a hornet and 2 orcs.

Vanquished Creatures
  Maggie (D:7)
  Grinder (D:3)
  Sigmund (D:3)
  A wraith (D:6)
  A water moccasin (D:5)
  An ice beast (D:7)
  3 sky beasts
  3 orc warriors
  4 centaurs
  A necrophage (D:6)
  A gnoll sergeant (D:7)
  4 scorpions
  A howler monkey (D:4)
  4 hounds
  Crazy Yiuf (D:3)
  5 orc priests
  Jessica (D:3)
  3 iguanas (D:6)
  Natasha (thrice) (D:2)
  5 orc wizards
  5 gnolls (D:7)
  5 adders
  2 shadow imps (D:6)
  A white imp (D:6)
  An ufetubus (D:6)
  5 worms
  2 dart slugs
  25 orcs
  9 bats
  9 endoplasms
  5 goblins (D:3)
  8 hobgoblins
  3 jackals (D:2)
  5 quokkas
  8 ball pythons
  4 frilled lizards
  8 kobolds
  6 rats
156 creatures vanquished.

Notes
Turn   | Place    | Note
-------+----------+-------------------------------------------
     0 | D:1      | timneilson the Gargoyle Fighter began the quest for the
                  | Orb.
     0 | D:1      | Reached XP level 1. HP: 14/14 MP: 1/1
   407 | D:1      | Reached XP level 2. HP: 19/19 MP: 2/2
  1028 | D:2      | Reached XP level 3. HP: 23/23 MP: 3/3
  1226 | D:2      | Noticed Natasha
  1232 | D:2      | Killed Natasha
  1233 | D:2      | Reached XP level 4. HP: 7/28 MP: 4/4
  1333 | D:2      | Found a faded altar of an unknown god.
  1639 | D:2      | Noticed Natasha
  1651 | D:2      | Killed Natasha
  1680 | D:2      | Noticed Natasha
  1892 | D:2      | Killed Natasha
  1893 | D:2      | Reached skill level 1 in Dodging
  1893 | D:2      | Reached XP level 5. HP: 16/33 MP: 5/5
  2198 | D:3      | Identified the +5 whip of Floods {protect, Str+4 Dex+2}
  2343 | D:3      | Found a runed translucent door.
  2344 | D:3      | Noticed Crazy Yiuf
  2487 | D:3      | Noticed Sigmund
  2518 | D:3      | Killed Sigmund
  2519 | D:3      | Reached XP level 6. HP: 27/38 MP: 6/6
  2694 | D:3      | Noticed Jessica
  2712 | D:3      | Killed Jessica
  2991 | D:3      | Noticed Grinder
  2993 | D:3      | Paralysed by Grinder for 2 turns
  2997 | D:3      | Paralysed by Grinder for 5 turns
  3008 | D:3      | Paralysed by Grinder for 2 turns
  3013 | D:3      | Paralysed by Grinder for 5 turns
  3018 | D:3      | Killed Grinder
  3019 | D:3      | Reached skill level 5 in Armour
  3019 | D:3      | Reached skill level 5 in Shields
  3019 | D:3      | Reached XP level 7. HP: 39/43 MP: 7/7
  3188 | D:3      | Killed Crazy Yiuf
  3535 | D:4      | Found Waomp's Antique Armour Emporium.
  3769 | D:5      | Entered Level 5 of the Dungeon
  3814 | D:5      | Reached XP level 8. HP: 37/48 MP: 8/8
  4012 | D:5      | Identified the +4 ring mail of the Vaults {rF- Dex+5 SInv}
  4871 | D:6      | Reached skill level 5 in Fighting
  5093 | D:6      | Reached skill level 5 in Long Blades
  5229 | D:6      | Reached XP level 9. HP: 27/54 MP: 9/9
  5771 | D:6      | Found a staircase to the Ecumenical Temple.
  5782 | Temple   | Entered the Ecumenical Temple
  6019 | Temple   | Became a worshipper of Gozag Ym Sagoz the Greedy
  6388 | D:7      | Found a shimmering blue altar of Sif Muna.
  6389 | D:7      | Found a snail-covered altar of Cheibriados.
  6390 | D:7      | Found a radiant altar of Vehumet.
  6390 | D:7      | Found a glowing golden altar of the Shining One.
  6390 | D:7      | Found a stormy altar of Qazlal.
  6758 | D:7      | Noticed Maggie
  6785 | D:7      | Killed Maggie
  6929 | D:7      | Noticed a hornet
  6959 | D:7      | HP: 2/55 [hornet (4)]
  6961 | D:7      | Mangled by a hornet

Illustrated notes

Levels and vault maps discovered:
D:1:      mushboom_english_gardens, layout_basic
D:2:      layout_basic, hellmonk_ecumenical_altar_prayer_group, uniq_natasha
D:3:      layout_basic, minmay_diced_spiral, uniq_sigmund, uniq_grinder,
          uniq_crazy_yiuf_cottage, uniq_jessica
D:4:      layout_rooms, serial_shops, nicolae_square_shop
D:5:      layout_basic
D:6:      kennysheep_six_static_rooms, layout_rooms,
          minmay_temple_entry_proselytizer
D:7:      layout_layer_cave, grunt_temple_overflow_open, uniq_maggie,
          uniq_duvessa
Temple:   minmay_crystal_spiral_temple

Skill      XL: |  1  2  3  4  5  6  7  8  9 |
---------------+----------------------------+-----
Long Blades    | 2 3 4 5 6 |  6.3
Shields        | 4 5 7 8 |  8.2
Armour         | 4 5 7 8 |  8.2
Dodging        | 1 2 3 |  3.7
Fighting       | 4 5 6 |  6.0
Evocations     | |  0.2

Action                   |  1- 3 |  4- 6 |  7- 9 || total
-------------------------+-------+-------+-------++-------
Melee: Long sword        |   150 |   194 |   478 ||   822
       Scimitar          |       |       |    52 ||    52
  Use: Scroll            |     3 |     1 |    14 ||    18
       Potion            |     1 |     3 |     7 ||    11
 Stab: Distracted        |       |       |     1 ||     1
Armor: Scale mail        |    55 |       |       ||    55
       Chain mail        |    58 |   110 |   467 ||   635
Dodge: Dodged            |    78 |    60 |   233 ||   371
Block: Buckler           |    36 |    50 |   153 ||   239

Table legend: (Time is in decaauts)
 A = Elapsed time spent in this place.
 B = Non-inter-level travel time spent in this place.
 C = Inter-level travel time spent in this place.
 D = Time resting spent in this place.
 E = Time spent auto-exploring this place.
 F = Levels seen in this place.
 G = Mean time per level.
                   A        B        C        D        E       F      G
               +--------+--------+--------+--------+--------+-----+--------+
         Total |   7184 |   7006 |    178 |    142 |   4968 |   8 |  898.0 |
       Dungeon |   6933 |   6838 |     95 |    142 |   4818 |   7 |  990.4 |
        Temple |    250 |    167 |     83 |      0 |    150 |   1 |  250.0 |
               +--------+--------+--------+--------+--------+-----+--------+

Top non-repeatable levels by time:
     D:3: 1324 daAuts
     D:6: 1252 daAuts
     D:2: 1090 daAuts
     D:5: 1025 daAuts
     D:1: 978 daAuts
     D:7: 763 daAuts
     D:4: 498 daAuts
  Temple: 250 daAuts
